Cogmind - Beta 12 X4 @@@ ROGUE MODE // 2022.12.08 @ 13:36:30 Player: Lunatic Blue Result: Destroyed by S-10 Pest with Light Assault Rifle Performance ------------- Evolutions (2) 1000 Regions Visited (5) 1000 Robots Destroyed (18) 90 Value Destroyed (530) 530 Prototype IDs (1) 20 Alien Tech Used (0) 0 Bonus (35) 35 TOTAL SCORE: 2675 Bonus ------- Follower Combat Kills 35 Cogmind --------- Core Integrity 0/550 Matter 283/300 Energy 52/100 System Corruption 1% Temperature Cool (90) Movement Core (50) Location -8/Materials Parts ------- > --- POWER (1) -------- (None) > --- PROPULSION (4) --- (None) > --- UTILITY (4) ------ Modified TNC > --- WEAPON (2) ------- (None) > --- INVENTORY (5) ---- Light Deuterium Engine Medium Storage Unit Improved Sensor Array Improved Signal Interpreter Makeshift Hammer Peak State ------------ > --- POWER ------------ Micro Nuclear Core > --- PROPULSION ------- Improved Hover Unit Improved Hover Unit Improved Hover Unit Gravmag System > --- UTILITY ---------- Medium Storage Unit Modified TNC ECM Suite Makeshift Hacking Suite > --- WEAPON ----------- Heavy EM Pulse Gun Makeshift Hammer > --- INVENTORY -------- Light Deuterium Engine Flight Unit Flight Unit Flight Unit Small Storage Unit Improved Sensor Array Improved Signal Interpreter Light Armor Plating Assault Rifle Mini Grenade Launcher [Rating: 33] Favorites ----------- Power Micro Nuclear Core Engine Ion Engine Power Core Micro Nuclear Core Propulsion Improved Hover Unit Leg Aluminum Leg Hover Unit Improved Hover Unit Flight Unit Flight Unit Utility Small Storage Unit Device Terrain Scanner Storage Small Storage Unit Processor Modified TNC Hackware Makeshift Hacking Suite Weapon Assault Rifle Energy Gun Shock Rifle Ballistic Gun Assault Rifle Launcher Improved Grenade Launcher Impact Weapon Makeshift Hammer Build | -11 -10 -10 -10 -9 -8 ------- Run | Scr Mat Min Exi Min Mat Slots Evolved 4 | . . . . . 4 Power . | . . . . . . Propulsion 2 | . . . . . 2 Utility 2 | . . . . . 2 Weapon . | . . . . . . Parts Attached 40 | 7 6 4 5 1 17 Power 3 | 1 1 . 1 . . Engine 2 | 1 1 . . . . Core 1 | . . . 1 . . Reactor . | . . . . . . Propulsion 17 | 2 3 4 1 . 7 Treads . | . . . . . . Leg 2 | 2 . . . . . Wheel . | . . . . . . Hover 9 | . 3 2 1 . 3 Flight 6 | . . 2 . . 4 Utility 7 | 1 1 . 2 . 3 Device 2 | . 1 . . . 1 Storage 3 | 1 . . 1 . 1 Processor 1 | . . . 1 . . Hackware 1 | . . . . . 1 Protection . | . . . . . . Artifact . | . . . . . . Weapon 13 | 3 1 . 1 1 7 Energy Gun 6 | 1 . . 1 1 3 Energy Cannon . | . . . . . . Ballistic Gun 4 | 2 1 . . . 1 Ballistic Cannon . | . . . . . . Launcher 2 | . . . . . 2 Special Weapon . | . . . . . . Impact Weapon 1 | . . . . . 1 Slashing Weapon . | . . . . . . Piercing Weapon . | . . . . . . Special Melee Weapon . | . . . . . . Unidentified Prototypes 1 | . . . 1 . . Parts Lost 15 | . 3 . . . 12 Power 2 | . 1 . . . 1 Propulsion 6 | . 1 . . . 5 Utility 3 | . . . . . 3 Weapon 4 | . 1 . . . 3 Highest Loss Streak 12 | . 2 . . . 12 To Critical Strikes . | . . . . . . Average Slot Usage (%) 93 | . 84 100 100 100 82 Engine 6 | . 10 14 4 . . Core 5 | . . . 9 14 7 Hover 24 | . 26 26 28 28 13 Flight 2 | . . 1 . . 14 Device 8 | . 3 14 10 . 7 Storage 12 | . 14 14 14 14 7 Processor 3 | . . . 3 14 9 Hackware 1 | . . . . . 8 Energy Gun 4 | . . . 7 14 3 Ballistic Gun 20 | . 28 28 20 14 3 Naked Turns . | . . . . . . Heaviest Build 24 | 12 15 15 22 21 24 Greatest Support 30 | 20 20 14 16 16 30 Greatest Overweight (x) 5 | 1 1 1 1 1 5 Average Overweight (x) . | . . 1 1 1 . Largest Inventory Capacity 10 | 8 8 8 10 10 10 Average Capacity 8 | 6 8 8 9 10 8 Most Carried 10 | 2 8 8 10 10 10 Average Carried 8 | 1 7 7 9 10 7 Final Capacity 10 | 8 8 8 10 10 5 Final Carried 10 | 2 8 8 10 10 5 Class Distribution -------------------- 69% | Mutant 26% | Scavenger-Mutant 4% | Scavenger-Sprinter Dominant Class ---------------- Mutant | -10/Materials Mutant | -10/Mines Scavenger-Mutant | -10/Exiles Mutant | -9/Mines Mutant | -8/Materials Resources | -11 -10 -10 -10 -9 -8 ----------- Run | Scr Mat Min Exi Min Mat Matter Collected 804 | 238 238 18 144 10 156 Remotely . | . . . . . . Salvage Created 718 | . 330 . 154 . 234 Parts 40 | . 17 . 8 . 15 Haulers Intercepted . | . . . . . . Recyclers Shooed 1 | . 1 . . . . Parts Field Recycled . | . . . . . . Retrieved Matter . | . . . . . . Parts Self-Destructed . | . . . . . . Prevented . | . . . . . . Kills | -11 -10 -10 -10 -9 -8 ------- Run | Scr Mat Min Exi Min Mat Combat Hostiles Destroyed 16 | . 8 . . . 8 Melee 1 | . . . . . 1 Guns 10 | . 8 . . . 2 AOE 5 | . . . . . 5 Classes Destroyed 5 | . 3 . . . 2 Recycler 1 | . 1 . . . . Watcher 1 | . . . . . 1 Swarmer 6 | . 3 . . . 3 Grunt 9 | . 5 . . . 4 Sentry 1 | . . . . . 1 Best Kill Streak 6 | . 3 . . . 6 Combat Bots Only 6 | . 3 . . . 6 Max Kills in Single Turn 4 | . 1 . . . 4 Gunslinging . | . . . . . . Exploded 4 | . . . . . 4 Melee 1 | . . . . . 1 Uniques/NPCs Destroyed . | . . . . . . Combat | -11 -10 -10 -10 -9 -8 -------- Run | Scr Mat Min Exi Min Mat Damage Taken 1697 | . 384 . . 28 1285 Core 639 | . 88 . . . 551 Absorbed by Shields . | . . . . . . Core Remaining (%) 82 | 100 . . . 64 . Volleys Fired 57 | . 29 . 17 . 11 Largest 2 | . 2 . 2 . 2 Hottest 70 | . 40 . 70 . 65 Shots Fired 110 | . 57 . 34 . 19 Gun 108 | . 57 . 34 . 17 Cannon . | . . . . . . Launcher 2 | . . . . . 2 Special . | . . . . . . Kinetic 90 | . 57 . 24 . 9 Thermal . | . . . . . . Explosive 2 | . . . . . 2 Electromagnetic 18 | . . . 10 . 8 Robot Hit Streak 12 | . 9 . 12 . 9 Robot Miss Streak 4 | . 4 . 2 . 2 Penetration Max . | . . . . . . Secondary Targets 1 | . . . . . 1 Max Gunslinging Chain 1 | . . . . . 1 Shots Hit Robots 84 | . 39 . 29 . 16 Core Hits 38 | . 18 . 6 . 14 Critical Kills 2 | . . . 1 . 1 Critical Parts Destroyed 1 | . . . . . 1 Critical Strikes 3 | . . . 1 . 2 Destroy 1 | . . . 1 . . Smash 2 | . . . . . 2 Melee Attacks 19 | . . . . . 19 Impact 19 | . . . . . 19 Slashing . | . . . . . . Piercing . | . . . . . . Sneak Attacks . | . . . . . . Combat Hostiles . | . . . . . . Follow-up Attacks . | . . . . . . Damage Inflicted 1800 | . 491 . 366 . 943 Guns 1031 | . 491 . 366 . 174 Cannons . | . . . . . . Explosions 608 | . . . . . 608 Melee 161 | . . . . . 161 Ramming . | . . . . . . Kinetic 813 | . 491 . 248 . 74 Thermal 78 | . . . . . 78 Explosive 530 | . . . . . 530 Electromagnetic 218 | . . . 118 . 100 Impact 161 | . . . . . 161 Slashing . | . . . . . . Piercing . | . . . . . . Highest Corruption 1 | . . . . . 1 Average Corruption 1 | . . . . . 1 Corruption Purged . | . . . . . . Corruption Blocked . | . . . . . . Effects 1 | . . . . . 1 Message Errors 1 | . . . . . 1 Overload Shots . | . . . . . . Overflow Damage 136 | . . . . . 136 Projectiles . | . . . . . . Explosions 75 | . . . . . 75 Melee 61 | . . . . . 61 Knockbacks 2 | . . . . . 2 Impact 2 | . . . . . 2 Kinetic . | . . . . . . Secondary . | . . . . . . Self-Inflicted Damage 248 | . . . . . 248 Shots 3 | . . . . . 3 Rammed . | . . . . . . Targets Rammed . | . . . . . . Kicked . | . . . . . . Crushed . | . . . . . . Highest Temperature 210 | . 1 . 210 . 81 Average Temperature 66 | . 1 . 106 . 15 Received Heat Transfer 747 | . 192 . . 15 540 Siege Activations . | . . . . . . Robots Corrupted 1 | . . . 1 . . Combat Hostiles . | . . . . . . Parts Fried 2 | . . . . . 2 Impact Corruptions 2 | . . . . . 2 Robots Melted . | . . . . . . Combat Hostiles . | . . . . . . Parts Melted . | . . . . . . Heat Transferred 100 | . . . . . 100 Parts Sabotaged . | . . . . . . Parts Stolen . | . . . . . . Parts Stripped . | . . . . . . Power Chain Reactions 1 | . . . . . 1 Missiles Intercepted . | . . . . . . Alert | -11 -10 -10 -10 -9 -8 ------- Run | Scr Mat Min Exi Min Mat Peak Influence 232 | . 232 90 . . 140 Initial 90 | . . 90 . . . Average 82 | . 135 90 . . 56 Maximum Alert Level 1 | . 1 . . . . Low Security (%) 88 | 100 67 100 . 100 100 Level 1 11 | . 32 . . . . Level 2 . | . . . . . . Level 3 . | . . . . . . Level 4 . | . . . . . . Level 5 . | . . . . . . High Security . | . . . . . . Max Security . | . . . . . . Squads Dispatched 2 | . 2 . . . . Investigation 2 | . 2 . . . . Extermination . | . . . . . . Reinforcement . | . . . . . . Assault . | . . . . . . Garrison . | . . . . . . Intercept . | . . . . . . Searches Triggered . | . . . . . . Construction Impeded . | . . . . . . Haulers Reinforced . | . . . . . . Active Scanning Responses . | . . . . . . Cargo Convoy Interrupts . | . . . . . . Stealth | -11 -10 -10 -10 -9 -8 --------- Run | Scr Mat Min Exi Min Mat Distress Signals 3 | . 1 . . . 2 Communications Jammed . | . . . . . . Distress Signals . | . . . . . . Times Spotted 45 | . 15 . . 2 28 Peak Tracking Total 13 | . 7 . . 2 13 Tactical Retreats 3 | . 2 . . . 1 Traps | -11 -10 -10 -10 -9 -8 ------- Run | Scr Mat Min Exi Min Mat Traps Triggered 2 | . 1 . . . 1 Indirectly . | . . . . . . Trap Hack Attempts . | . . . . . . Triggered . | . . . . . . Disarmed . | . . . . . . Reprogrammed . | . . . . . . Reused . | . . . . . . Traps Extracted . | . . . . . . Installed . | . . . . . . Triggered . | . . . . . . Machines | -11 -10 -10 -10 -9 -8 ---------- Run | Scr Mat Min Exi Min Mat Machines Disabled 2 | . . . . . 2 Max in Single Turn 2 | . . . . . 2 Garrison Access 1 | . . . . . 1 Machines Sabotaged . | . . . . . . Overloaded Fab Kills . | . . . . . . Hacking | -11 -10 -10 -10 -9 -8 --------- Run | Scr Mat Min Exi Min Mat Machines Accessed 9 | . 6 . 1 . 2 Terminals 7 | . 6 . . . 1 Fabricators . | . . . . . . Repair Stations . | . . . . . . Recycling Units . | . . . . . . Scanalyzers . | . . . . . . Garrison Access 1 | . . . . . 1 Total Hacks 43 | . 15 . 23 . 5 Successful 37 | . 10 . 23 . 4 Failed 6 | . 5 . . . 1 Catastrophic 2 | . 2 . . . . Database Lockouts . | . . . . . . Manual 18 | . 13 . 1 . 4 Terminals 19 | . 15 . . . 4 Fabricators . | . . . . . . Repair Stations . | . . . . . . Recycling Units . | . . . . . . Scanalyzers . | . . . . . . Garrison Access 1 | . . . . . 1 Terminal Hacks 29 | . 5 . 23 . 1 Record 23 | . . . 23 . . Robot Analysis 3 | . 3 . . . . Terminal Index 1 | . 1 . . . . Unreport Threat 1 | . . . . . 1 Zone Layout 1 | . 1 . . . . Fabricator Hacks . | . . . . . . Repair Station Hacks . | . . . . . . Recycling Unit Hacks . | . . . . . . Scanalyzer . | . . . . . . Garrison Access Hacks 1 | . . . . . 1 Seal Access 1 | . . . . . 1 Unauthorized Hacks 7 | . 5 . . . 2 Terminals 7 | . 5 . . . 2 Botnet 4 | . 3 . . . 1 Operators 3 | . 2 . . . 1 Fabricators . | . . . . . . Repair Stations . | . . . . . . Recycling Units . | . . . . . . Scanalyzers . | . . . . . . Garrison Access . | . . . . . . Data Cores Recovered . | . . . . . . Used . | . . . . . . Hacking Detections 7 | . 6 . . . 1 Full Trace Events 1 | . 1 . . . . Feedback Events . | . . . . . . Feedback Blocked . | . . . . . . Robot Schematics Acquired . | . . . . . . Robots Built . | . . . . . . Authchips . | . . . . . . Time . | . . . . . . Total Robot Build Rating . | . . . . . . Part Schematics Acquired . | . . . . . . Parts Built . | . . . . . . Authchips . | . . . . . . Time . | . . . . . . Total Part Build Rating . | . . . . . . Parts Repaired . | . . . . . . Time . | . . . . . . Parts Recycled . | . . . . . . Recycled Matter . | . . . . . . Retrieved Matter . | . . . . . . Retrieved Components . | . . . . . . Parts Scanalyzed . | . . . . . . Part Schematics Acquired . | . . . . . . Parts Damaged . | . . . . . . Bothacking | -11 -10 -10 -10 -9 -8 ------------ Run | Scr Mat Min Exi Min Mat Used RIF Installer . | . . . . . . Robots Hacked . | . . . . . . Non-combat . | . . . . . . Combat . | . . . . . . Robot Hacks Applied . | . . . . . . Relay Couplers Released . | . . . . . . Fabnet Peak Effective % . | . . . . . . Robots Rewired 3 | . . . 3 . . Allies Hacked . | . . . . . . Hacks Repelled . | . . . . . . Allies | -11 -10 -10 -10 -9 -8 -------- Run | Scr Mat Min Exi Min Mat Total Allies 3 | . . . 3 . . Largest Group 3 | . . . 3 3 3 Highest-Rated Group 37 | . . . 37 37 37 Highest-Rated Ally 21 | . . . 21 21 21 Total Orders . | . . . . . . Ally Attacks 10 | . . . . . 10 Total Damage 200 | . . . . . 200 Kills 2 | . . . . . 2 Allies Corrupted . | . . . . . . Allies Melted . | . . . . . . Intel | -11 -10 -10 -10 -9 -8 ------- Run | Scr Mat Min Exi Min Mat Robot Analysis Total 3 | . 3 . . . . Derelict Logs Recovered 2 | . . . . 2 . Drone Launches . | . . . . . . Drone Recoveries . | . . . . . . Exploration | -11 -10 -10 -10 -9 -8 ------------- Run | Scr Mat Min Exi Min Mat Turns Passed 1553 | 66 355 222 555 106 249 Spaces Moved 1305 | 51 301 171 399 90 293 Core 27 | 12 . . . . 15 Treads . | . . . . . . Legs 47 | 39 8 . . . . Wheels . | . . . . . . Hover 1093 | . 293 170 399 90 141 Flight 138 | . . 1 . . 137 Fastest Speed 29 | 50 56 116 116 116 29 Average Speed 90 | 105 73 116 116 116 48 Slowest Speed 300 | 120 120 117 116 116 300 Overloaded Moves . | . . . . . . Propulsion Burnouts . | . . . . . . Robots Hopped . | . . . . . . Cave-ins Triggered . | . . . . . . Exploration Rate (%) 39 | 4 57 30 90 22 33 Regions Visited 5 Branch Regions 3 Pre-discovered Areas 1 | . . . 1 . . Known Exits Taken 1 | . . . . 1 . Unknown Exits Taken 4 | 1 1 1 1 . . Scrap Searched 2 | . . 1 . 1 . Spaces Dug 13 | . . . . . 13 Terrain Destroyed 56 | . . . . . 56 Melee 13 | . . . . . 13 Projectile . | . . . . . . AOE 43 | . . . . . 43 Terrain Rammed . | . . . . . . Walls Destroyed . | . . . . . . Machines Disabled . | . . . . . . Actions | -11 -10 -10 -10 -9 -8 --------- Run | Scr Mat Min Exi Min Mat Total 1552 | 59 378 197 459 91 368 Wait 50 | . 27 13 4 . 6 Move 1300 | 50 300 170 398 89 293 Hop . | . . . . . . Pick Up 32 | 2 11 5 4 . 10 Fast Attach 19 | 6 4 . 3 1 5 Attach 14 | . 2 4 . . 8 Detach 1 | . . . . . 1 Swap 7 | 1 . . 2 . 4 Drop 29 | . 5 5 7 1 11 Fire 57 | . 29 . 17 . 11 Melee 19 | . . . . . 19 Ram . | . . . . . . Kick . | . . . . . . Crush . | . . . . . . Escape Stasis . | . . . . . . Rewire 24 | . . . 24 . . Trap . | . . . . . . Miscellaneous . | . . . . . . Route ------- -11/Scrapyard -10/Materials (discovered 3 exits: [*Mat x2] / [*Min]) -10/Mines -10/Exiles -9/Mines -8/Materials History --------- Turn | Location | Event 7 | -11/Scrapyard | Discovered new exit (range 15) 67 | -11/Scrapyard | Entered Materials 191 | -10/Materials | Discovered new exit (range 9) 338 | -10/Materials | Discovered new exit (range 6) 351 | -10/Materials | Build established: Mutant 405 | -10/Materials | Discovered new exit (range 6) 422 | -10/Materials | Entered Mines 564 | -10/Mines | Found a hidden stash of uninstalled traps 640 | -10/Mines | Deemed a non-threat by the Exiles lab entrance 640 | -10/Mines | Discovered new exit (range 5) 644 | -10/Mines | Entered Exiles 644 | -10/Exiles | Found Exiles lab destroyed 1061 | -10/Exiles | Opened EX-Vault 1068 | -10/Exiles | Found Prototype Processor 1068 | -10/Exiles | Identified Modified TNC 1137 | -10/Exiles | Learned location of Zion (-7) 1181 | -10/Exiles | Discovered new exit (range 12) 1199 | -10/Exiles | Entered Mines 1199 | -9/Mines | Accompanied by 3 allies 1222 | -9/Mines | Build established: Scavenger-Mutant 1237 | -9/Mines | Identified exit to Materials 1245 | -9/Mines | Met a Derelict bent on vengeance 1295 | -9/Mines | Learned Materials terminal intel 1305 | -9/Mines | Entered Materials 1305 | -8/Materials | Accompanied by 3 allies 1305 | -8/Materials | Evolved 4 slots: Propulsion x2, Utility x2 1306 | -8/Materials | Loaded intel: 12 terminal locations 1538 | -8/Materials | Core integrity fell below 50% 1550 | -8/Materials | Core integrity fell below 20% 1554 | -8/Materials | Destroyed by S-10 Pest with Light Assault Rifle Last Messages --------------- 01540_ U-05 Engineer lays Concrete. 01541_ M-13 Machinist repairs T-07 Excavator. 01541_ U-05 Engineer lays Concrete. 01544_ The unstable cave ceiling collapses. 01544_ U-05 Engineer lays Concrete. 01546_ K-01 Serf collects debris. 01546_ U-05 Engineer lays Concrete. 01547_ Critical hit (Burn: +37). 01548_ U-05 Engineer lays Concrete. 01549_ Sml. Storage Unit destroyed. 01550_ U-05 Engineer lays Concrete. 01550_ K-01 Serf collects debris. 01550_ U-05 Engineer builds a Wall. 01550_ G-47 Trooper destroyed. 01550_ Switching to secondary target: G-47 Trooper. 01551_ EM Shotgun destroyed. 01553_ K-01 Serf collects debris. 01553_ U-05 Engineer builds a Wall. 01553_ Critical hit (Burn: +37). 01553_ Assault Rifle destroyed. Map ----- +----------------------------------------------------+ | ?????????????????????????????????????????????????? | | ?????????????????????????????????????????????????? | | ?????????????????????????????????????????????????? | | ?????????????????????????????????????????????????? | | ?????????????????????????????????????????????????? | | ?????????????????????????????????????????????????? | | ?????????????????????????????????????????????????? | | ?????????????????????????????????????????????????? | | ?????????????????????????????????????????????????? | | ?????????????????????????????????????????????????? | | ?????????????????????????????????????????????????? | | ?????????????????????????????????????????????????? | | ????o????????????????????????????????????????????? | | ?????????????????????????????????????????????????? | | ?????????????????????????????????????????????????? | | ??????????????????"??????????????????????????????? | | ??????????????????T?????????????????????###??????? | | ??????????????????"?????????????????#### ####???? | | ???????????????????????????????????## ##??? | | ???????????????????????????????????# #??? | | ??????????????????????????????????## * #??? | | ??????????????????????????###?????# # #??? | | ???????????###########+#### ####### # #??? | | ?????????? ### % #??? | | ?????????? uu #??? | | ?????????? s @ #??? | | ?????????? ss t= *%// g k #??? | | ?a???????? m !==% /! """ #??? | | ???????????######### = !ggg """ ###??? | | ???????????????????# """ = #?? | | ???????????????????# ! ## """ #?? | | ????????????????#### ## """ #?? | | ??????????????? # """ #?? | | ??????????????? a + ???? | | ??????????????? r # """???? | | ????????????????######/#######" "## # """ ??? | | ???????????????# #"G"## # ! ""????? | | ??????????????????"""" T #"""## #? ????? | | ??????????????????"""" ###### #?#####????? | | ???????????????? """"" #????# ????????? | | ???????????????# ###### ????? | | ?????????????/ / ! / ????? | | ?????????a???? ###############"#####+#####???????? | | ?????????????????????????????## #????????? | | ????????????????????T?????????# #????????? | | ??T???????????????????????????# """"""" #????????? | | ??????????????????????????????# """"""" #?#/#####? | | ????????????"?????????????????# """"""" # # | | ????????????T?????????????????# """"""" # # | | ????????????"????????????????## """"""" # # | +----------------------------------------------------+ Best States ------------- Heat Dissipation 31 Energy Generation 15 Energy Capacity 250 Matter Stores 300 Matter Capacity 300 Sight Range 16 Terrain Scan Range 14 Terrain Scan Density 10 ECM Strength 1 Evasion (%) 64 Offensive Hacking 11 Item Schematics ----------------- None Robot Schematics ------------------ None Fabricated ------------ Nothing Alien Tech Used ----------------- None Achievements -------------- None Challenges ------------ None Game ------ Seed AssemblyHeatSword Manual? 0 Play Time 00:16:22 Cumulative 123.1 hours Start 2022.12.06 @ 00:37:29 End 2022.12.08 @ 13:36:30 Sessions 2 Manual Loads 0 Difficulty Rogue Special Mode None Game No. 218 Rogue 218 Adventurer 0 Explorer 0 Win Type - Total 2 Types 1/0/1/0/0/0/0/0/0 Lore% 65 Gallery% 72 Achievement% 53 Wizard Run 0 Options --------- ASCII 0 Keyboard 0 Movement Mouse Keybinds 0 Fullscreen 1 Font 18/SmallcapsGlow Map View 76x50 Tactical HUD 1 Map Filters NONE Filters NONE Steam 1 RUN: b796a0bb-6577-4a4e-938d-4803d6bc0b62